 Dungeon Crawl Stone Soup version 0.17.2-1-ge4368a0 (webtiles) character file.

1435 Hurricos the Insei (level 8, -1/50 HPs)
             Began as an Octopode Transmuter on Aug 4, 2017.
             Was a Follower of Cheibriados.
             Killed from afar by an electric eel (16 damage)
             ... with a bolt of electricity
             ... on level 7 of the Dungeon.
             The game lasted 00:12:25 (8731 turns).

Hurricos the Insei (Octopode Transmuter)            Turns: 8731, Time: 00:12:25

Health: -1/50      AC:  5    Str: 14    XL:     8   Next: 73%
Magic:  12/12      EV: 15    Int: 18    God:    Cheibriados [*.....]
Gold:   309        SH:  0    Dex: 15    Spells: 5 memorised, 1 level left

rFire  . . .     SeeInvis +       - Unarmed
rCold  + . .     Clarity  .     (no shield)
rNeg   . . .     SustAt   .     (helmet restricted)
rPois  .         Gourm    .     i - amulet of regeneration
rElec  .         Spirit   .     h - ring of see invisible
rCorr  .         Warding  .     (no ring)
rMut   .         Stasis   .     (no ring)
MR     .....                    (no ring)
Stlth  ++++......               (no ring)
                                (no ring)
                                (no ring)
                                (no ring)

@: very slow, not resistant to hostile enchantments, stealthy
A: almost no armour, amphibious, 8 rings, constrict 8, beak, rough black scales
1, camouflage 1, cold resistance 1, gelatinous body 1
a: Bend Time, Renounce Religion


You were on level 7 of the Dungeon.
You worshipped Cheibriados.
Cheibriados was aware of your devotion.
You were not hungry.

You visited 1 branch of the dungeon, and saw 7 of its levels.
You also visited: Sewer.

You collected 309 gold pieces.

Inventory:

Missiles
 a - 25 arrows
Jewellery
 h - a ring of see invisible (left tentacle)
 i - an amulet of regeneration (around mantle)
 x - an uncursed ring of ice
Wands
 e - a wand of confusion (8)
 n - a wand of draining (6)
 p - a wand of random effects (46)
 u - a wand of digging (16)
Scrolls
 c - a scroll of identify
 d - a scroll of immolation
 f - 2 scrolls of enchant armour
 s - a scroll of recharging
Potions
 g - 3 potions of haste
 l - 2 potions of flight
 m - a potion of cancellation {unknown}
 q - a potion of cure mutation
Books
 b - a book of Changes

   Spells                             Type                      Level
   a - Beastly Appendage              Transmutation                1
   b - Sticks to Snakes               Transmutation                2
   c - Spider Form                    Transmutation/Poison         3
   d - Ice Form                       Ice/Transmutation            4
   e - Blade Hands                    Transmutation                5
 o - a book of Enchantments

   Spells                             Type                      Level
   a - Cause Fear                     Hexes                        4
   b - Silence                        Hexes/Air                    5
   c - Deflect Missiles               Charms/Air                   6
   d - Haste                          Charms                       6
   e - Discord                        Hexes                        8
 t - a book of Clouds

   Spells                             Type                      Level
   a - Mephitic Cloud                 Conjuration/Poison/Air       3
   b - Conjure Flame                  Conjuration/Fire             3
   c - Poisonous Cloud                Conjuration/Poison/Air       6
   d - Freezing Cloud                 Conjuration/Ice/Air          6
   e - Ring of Flames                 Charms/Fire                  7
 y - a book of Spatial Translocations

   Spells                             Type                      Level
   a - Apportation                    Translocation                1
   b - Blink                          Translocation                2
   c - Shroud of Golubria             Charms/Translocation         2
   d - Portal Projectile              Translocation                3
   e - Teleport Other                 Translocation                3
   f - Passage of Golubria            Translocation                4
Comestibles
 k - 2 meat rations
 r - a royal jelly
 v - 12 fruits
 w - a slice of pizza


   Skills:
 - Level 2.0 Fighting
 + Level 5.8 Dodging
 - Level 1.1 Stealth
 + Level 6.3 Unarmed Combat
 - Level 3.0 Spellcasting
 + Level 3.3 Translocations
 - Level 3.1 Transmutations
 - Level 4.1 Poison Magic
 - Level 1.3 Invocations


You had one spell level left.
You knew the following spells:

 Your Spells              Type           Power        Failure   Level  Hunger
a - Beastly Appendage     Trmt           ##....       6%          1    None
b - Blink                 Tloc           N/A          8%          2    ##.....
c - Spider Form           Trmt/Pois      ###.......   14%         3    ###....
A - Apportation           Tloc           ##........   4%          1    None
B - Blade Hands           Trmt           ##........   97%         5    ######.


Dungeon Overview and Level Annotations

Branches:
Dungeon (7/15)             Temple (0/1) D:6

Altars:
Cheibriados
Kikubaaqudgha
Makhleb
Qazlal
Ru
Zin

Shops:
D:7 :

Annotations:
D:2 exclusion: downstairs
D:3 KleinerIrrer's ghost, amateur OgFi
D:4 Shimatora's ghost, amateur MiBe


Innate Abilities, Weirdness & Mutations

You cannot wear most types of armour.
You are amphibious.
You can wear up to eight rings at the same time.
You can use your tentacles to constrict eight enemies at once.
Your skin changes colour to match your surroundings (Stealth).
Your rubbery body absorbs attacks (AC +1).
You have a beak for a mouth.
You are partially covered in rough black scales (AC +4, Dex -1).
Your flesh is cold resistant.


Message History

The electric eel shoots out a bolt of lightning at you!
The bolt of electricity hits you! x2
Drink which item? (? for menu, Esc to quit)
Okay, then.
Unknown command.
Casting: Spider Form
Confirm with . or Enter, or press ? or * to list all spells.
You would drown in your new form. x2
Drink which item? (? for menu, Esc to quit)
Okay, then.
Read which item? (? for menu, Esc to quit)
Okay, then.
Drink which item? (? for menu, Esc to quit)
You feel better.
The electric eel shoots out a bolt of lightning at you!
The bolt of electricity hits you! x2
* * * LOW HITPOINT WARNING * * *
The electric eel shoots out a bolt of lightning at you!
The bolt of electricity hits you!
You die...

..........##
..........##
...........#######
........≈≈≈≈≈≈≈≈≈##
.......≈≈#######≈≈##
#.....≈≈##≈;≈
##≈≈### ##...≈≈##≈≈#
##≈≈.# ####≈##≈≈#
##≈.# #≈#≈@# #≈.# #
#≈## #≈.# #≈# #≈.#
#≈## #≈.# #≈≈## #≈.#
##≈≈## ##≈.# . ##≈≈#
##≈≈.# ..≈ ##≈#
##≈≈..#
#..≈≈#≈#####≈≈#.##


You could see an electric eel.

Vanquished Creatures
  Eustachio (D:6)
  An orc warrior (D:6)
  An ice beast (D:6)
  2 ogres
  A crocodile (Sewer)
  3 giant frogs
  2 scorpions (D:5)
  2 crimson imps (D:5)
  An orc priest (D:3)
  A hound (D:6)
  2 jellies
  A giant frog skeleton (D:4)
  3 orc wizards
  2 worker ants
  Terence (D:3)
  A gnoll (D:4)
  7 adders
  An adder skeleton (D:6)
  2 oozes (D:2)
  2 worms
  4 giant geckos
  16 orcs
  11 goblins
  8 hobgoblins
  9 jackals
  13 kobolds
  6 bats
  6 giant cockroaches
  7 giant newts
  4 quokkas
  8 rats
129 creatures vanquished.

Notes
Turn   | Place    | Note
--------------------------------------------------------------
     0 | D:1      | Hurricos the Octopode Transmuter began the quest for the Orb.
     0 | D:1      | Reached XP level 1. HP: 13/13 MP: 3/3
   194 | D:1      | Reached XP level 2. HP: 11/18 MP: 5/5
  1585 | D:1      | Reached XP level 3. HP: 20/23 MP: 4/6
  2262 | D:2      | Learned a level 3 spell: Spider Form
  2411 | D:2      | Reached XP level 4. HP: 26/28 MP: 7/7
  2800 | D:2      | Reached skill level 1 in Poison Magic
  2986 | D:3      | Noticed KleinerIrrer's ghost (amateur OgFi)
  3096 | D:3      | Noticed Terence
  3104 | D:3      | Killed Terence
  3104 | D:3      | Reached XP level 5. HP: 25/33 MP: 4/8
  3483 | D:3      | Reached skill level 4 in Poison Magic
  3896 | D:3      | Found a glowing silver altar of Zin.
  3935 | D:3      | Reached XP level 6. HP: 31/38 MP: 6/9
  3950 | D:4      | Noticed an ogre
  3965 | D:3      | HP: 2/57 [ogre/giant spiked club (12)]
  3967 | D:3      | Killed an ogre
  4419 | D:4      | Found a glowing drain.
  4426 | Sewer    | Entered a sewer
  4863 | D:4      | Reached XP level 7. HP: 39/44 MP: 8/11
  5206 | D:4      | Noticed Shimatora's ghost (amateur MiBe)
  5294 | D:3      | Learned a level 5 spell: Blade Hands
  6025 | D:4      | Gained mutation: Your flesh is cold resistant. [potion of beneficial mutation]
  6028 | D:3      | Gained mutation: You are partially covered in rough black scales (AC +4, Dex -1). [potion of beneficial mutation]
  6029 | D:3      | Gained mutation: You have a beak for a mouth. [potion of beneficial mutation]
  6153 | D:4      | Found an ancient bone altar of Kikubaaqudgha.
  6184 | D:4      | Found a snail-covered altar of Cheibriados.
  6184 | D:4      | Found a burning altar of Makhleb.
  6195 | D:4      | Became a worshipper of Cheibriados the Contemplative
  6200 | D:5      | Entered Level 5 of the Dungeon
  6586 | D:5      | Reached skill level 1 in Stealth
  6754 | D:5      | Found a sacrificial altar of Ru.
  6833 | D:5      | Reached skill level 5 in Unarmed Combat
  6909 | D:5      | Reached skill level 1 in Invocations
  7076 | D:6      | Learned a level 2 spell: Blink
  7078 | D:6      | Learned a level 1 spell: Apportation
  7186 | D:6      | Reached skill level 1 in Translocations
  7265 | D:6      | Noticed Eustachio
  7321 | D:6      | Reached XP level 8. HP: 45/50 MP: 6/12
  7430 | D:6      | Killed Eustachio
  7430 | D:6      | Reached skill level 5 in Dodging
  7574 | D:6      | Reached * piety under Cheibriados
  7653 | D:6      | Found a stormy altar of Qazlal.
  7700 | D:6      | Reached skill level 6 in Unarmed Combat
  8232 | D:6      | Found a staircase to the Ecumenical Temple.
  8591 | D:7      | Found Ruah Meh's Book Shoppe.
  8731 | D:7      | Killed from afar by an electric eel

Action                   |  1- 3 |  4- 6 |  7- 9 || total
-------------------------+-------+-------+-------++-------
Melee: Unarmed           |    81 |   159 |   198 ||   438
 Cast: Beastly Appendage |    18 |       |     1 ||    19
       Spider Form       |     1 |    23 |    16 ||    40
       Blade Hands       |       |       |     1 ||     1
 Abil: End Transformatio |       |     1 |       ||     1
Evoke: Wand              |       |       |     3 ||     3
  Use: Scroll            |       |     4 |    11 ||    15
       Potion            |       |     2 |    16 ||    18
 Stab: Sleeping          |     3 |     4 |     3 ||    10
  Eat: Chunk             |     1 |     9 |     4 ||    14
       Bread ration      |     1 |     1 |     1 ||     3
       Beef jerky        |       |       |     2 ||     2
